 Dungeon Crawl Stone Soup version 0.16-b1 (webtiles) character file.

113 grisnicke the Chopper (level 5, -1/38 HPs)
             Began as a Human Wanderer on Mar 7, 2015.
             Was an Initiate of Kikubaaqudgha.
             Killed by divine providence
             ... invoked by an orc priest
              (17 damage)
             ... on level 3 of the Dungeon.
             The game lasted 00:14:37 (2912 turns).

grisnicke the Chopper (Human Wanderer)              Turns: 2912, Time: 00:14:37

Health: -1/38      AC:  8    Str: 13    XL:     5   Next: 17%
Magic:  5/5        EV:  5    Int: 12    God:    Kikubaaqudgha [......]
Gold:   145        SH:  0    Dex: 13    Spells: 1 memorised, 2 levels left

rFire  . . .     SeeInvis .     a - +2 dagger (elec)
rCold  . . .     Clarity  .     n - +0 chain mail (curse)
rNeg   . . .     SustAb   .     (no shield)
rPois  .         Gourm    .     (no helmet)
rElec  .         Spirit   .     (no cloak)
rCorr  .         Warding  .     (no gloves)
rMut   .         Stasis   .     (no boots)
MR     .....                    (no amulet)
Stlth  ..........               (no ring)
                                (no ring)

@: not resistant to hostile enchantments, extremely unstealthy
A: no striking features
a: Renounce Religion


You were on level 3 of the Dungeon.
You worshipped Kikubaaqudgha.
Kikubaaqudgha was noncommittal.
You were not hungry.

You visited 1 branch of the dungeon, and saw 3 of its levels.

You collected 145 gold pieces.


   Skills:
 - Level 2.0 Fighting
 - Level 1.9 Short Blades
   Level 4.0 Axes
 - Level 3.0 Bows
 - Level 1.0 Armour
 - Level 1.1 Stealth
   Level 1.0 Shields
 + Level 2.2 Hexes


You had 2 spell levels left.
You knew the following spells:

 Your Spells              Type           Power        Failure   Level  Hunger
z - Ensorcelled Hibernat  Hex/Ice        #.....       100%        2    ###....

Inventory:

Hand weapons
 a - a +2 dagger of electrocution (weapon)
 b - a +0 shortbow
 q - a +1 dagger of venom
 t - a cursed -3 rapier
 v - a +3 short sword
Missiles
 f - 31 arrows
 l - 16 poisoned needles
Armour
 n - a cursed +0 chain mail (worn)
 x - a +3 leather armour
Magical devices
 o - a wand of cold (10)
Scrolls
 e - a scroll of enchant armour {unknown}
 i - a scroll of teleportation {unknown}
 s - a scroll of blinking
Potions
 c - 2 potions of invisibility
 d - 2 potions of heal wounds {@q2}
 j - 2 potions of ambrosia {unknown}
 k - a potion of agility {unknown}
 m - 4 potions of restore abilities
 p - a potion of curing {unknown}
Books
 h - a book of Maledictions
Comestibles
 g - a bread ration
 r - 2 meat rations
 w - 9 chunks of flesh

Dungeon Overview and Level Annotations

Branches:
Dungeon (3/15)

Altars:
Dithmenos
Gozag
Kikubaaqudgha
Xom

#.##.##.##.####..##
#.##.##.##.####..#.
#.......##.......#.
####.##########.#..
#...............
########........
.######## #.#......
.o.oo<.o.#
#.#.##..# #p#
#.#.##..# #.#
#........ #.#
##...#### #)# #...#
#.### #...# #...#
#...####
###.#######.......
###.##............
#.................


You could see an orc priest, an orc wizard and 2 orcs.


Message History

A kobold comes into view. It is wielding a whip.
You see here a jewelled bone wand.
o - a wand of cold You hit the kobold.
You kill the kobold!
Kikubaaqudgha accepts your kill.
You see here a whip.
An orc priest comes into view.
The orc priest shouts!
Found an escape hatch in the ceiling.
An orc comes into view.
You start waiting.
An orc and an orc wizard come into view.
The orc shouts! x2
The orc priest hits you.
You barely miss the orc priest.
The orc priest calls down the wrath of Beogh upon you.
Something smites you!
Unknown command.
You hit the orc priest but do no damage.
The orc priest mumbles some strange prayers to Beogh against you.
Pain shoots through your body!
* * * LOW HITPOINT WARNING * * *
You hit the orc priest but do no damage.
The orc priest hits you but does no damage.
You hit the orc priest but do no damage.
The orc priest mumbles some strange prayers to Beogh against you.
Something smites you!
You die...
Kikubaaqudgha rasps: "You have failed me!
Welcome... death!"

Action                   |  1- 3 |  4- 6 || total
-------------------------+-------+-------++-------
Melee: Dagger            |    92 |    52 ||   144
       Hand axe          |     7 |       ||     7
 Fire: Shortbow          |     4 |    19 ||    23
  Use: Scroll            |       |     6 ||     6
 Stab: Sleeping          |     1 |       ||     1
  Eat: Chunk             |     3 |     3 ||     6

Vault maps used:
D:1:      shiori_arrival_whats_in_store_for_you, minivault_19
D:2:      lemuel_round_altar, gammafunk_temple_overflow_pools
D:3:      lemuel_doored_altar

Notes
Turn   | Place    | Note
--------------------------------------------------------------
     0 | D:1      | grisnicke, the Human Wanderer, began the quest for the Orb.
     0 | D:1      | grisnicke set off with: a +2 dagger, a potion of heal wounds {@q2}, a +0 hand axe, a +0 shortbow, a +0 robe, 20 arrows, a bread ration
     0 | D:1      | Reached XP level 1. HP: 16/16 MP: 1/1
     1 | D:1      | Noticed a minotaur
     1 | D:1      | Noticed an ogre
     3 | D:1      | Noticed a gargoyle
     3 | D:1      | Noticed a human
     6 | D:1      | Noticed a spriggan
     7 | D:1      | Noticed a vine stalker
     8 | D:1      | Noticed an octopode
    10 | D:1      | Noticed a felid
    12 | D:1      | Noticed an ogre
    12 | D:1      | Noticed a troll
    13 | D:1      | Noticed a troll
    14 | D:1      | Noticed a draconian
    14 | D:1      | Noticed a naga
    16 | D:1      | Noticed a ghoul
    18 | D:1      | Noticed a troll
    18 | D:1      | Noticed a vine stalker
    19 | D:1      | Noticed a formicid
   168 | D:1      | Reached XP level 2. HP: 22/22 MP: 2/2
   192 | D:1      | Reached skill level 2 in Bows
   560 | D:1      | Reached XP level 3. HP: 15/27 MP: 3/3
   950 | D:2      | Found a shadowy altar of Dithmenos.
   951 | D:2      | Found an ancient bone altar of Kikubaaqudgha.
  1253 | D:2      | Found a shimmering altar of Xom.
  1407 | D:2      | Reached skill level 1 in Short Blades
  1535 | D:2      | Reached skill level 3 in Bows
  1828 | D:2      | Reached XP level 4. HP: 18/33 MP: 4/4
  2372 | D:2      | Became a worshipper of Kikubaaqudgha
  2383 | D:2      | Learned a level 2 spell: Ensorcelled Hibernation
  2645 | D:3      | Reached skill level 1 in Hexes
  2738 | D:3      | Found an opulent altar of Gozag.
  2817 | D:3      | Reached skill level 2 in Hexes
  2817 | D:3      | Reached XP level 5. HP: 36/38 MP: 5/5
  2912 | D:3      | Killed from afar by an orc priest

Vanquished Creatures
  An orc wizard (D:3)
  2 adders
  A worm (D:2)
  4 giant geckos
  3 oozes
  2 orcs (D:3)
  3 giant cockroaches
  2 hobgoblins
  3 jackals (D:1)
  3 ball pythons
  9 bats
  2 giant newts
  8 goblins
  5 kobolds
  6 rats
54 creatures vanquished.
